 Dungeon Crawl Stone Soup version 0.26.1-2-gb8aa6d0cf2 (webtiles) character file.

Game seed: 1891611782461891980

75 H0rd4k the Charlatan (level 4, -2/32 HPs)
             Began as a Human Artificer on Feb 17, 2021.
             Hit by a stone thrown by a kobold (3 damage)
             ... on level 2 of the Dungeon.
             The game lasted 00:01:47 (3011 turns).

H0rd4k the Charlatan (Human Artificer)              Turns: 3011, Time: 00:01:48

Health: -2/32      AC:  3    Str: 13    XL:     4   Next: 55%
Magic:  4/4        EV: 12    Int: 11    God:
Gold:   93         SH:  0    Dex: 14    Spells: 3/3 levels left

rFire    . . .     SeeInvis .   i - +0 short sword
rCold    . . .     Faith    +   (no shield)
rNeg     . . .     Spirit   .   b - +0 leather armour
rPois    .         Reflect  .   (no helmet)
rElec    .         Harm     .   (no cloak)
rCorr    .         Rampage  .   (no gloves)
Will     .....                  (no boots)
Stlth    ++........             a - amulet of faith
HPRegen  0.10/turn              (no ring)
MPRegen  0.09/turn              (no ring)

@: lethally poisoned (-2 -> -2)
A: no striking features
a: no special abilities


You were on level 2 of the Dungeon.
You visited 1 branch of the dungeon, and saw 2 of its levels.

You collected 93 gold pieces.

Inventory:

Hand Weapons
 i - a +0 short sword (weapon)
Armour
 b - a +0 leather armour (worn)
Jewellery
 a - an amulet of faith (around neck)
 o - an uncursed amulet of guardian spirit {unknown}
Wands
 c - a wand of flame (14) (quivered)
 d - a wand of enslavement (15)
 e - a wand of random effects (15)
Scrolls
 f - a scroll of identify {unknown}
 g - 2 scrolls of enchant weapon {unknown}
 j - a scroll of fog {unknown}
 l - 2 scrolls of fear {unknown}
 m - a scroll of teleportation {unknown}
 p - a scroll of amnesia {unknown}
Potions
 h - a potion of flight {unknown}
 k - 3 potions of curing {unknown}
 n - a potion of might {unknown}


   Skills:
 + Level 1.6 Fighting
 + Level 1.2 Short Blades
 + Level 2.5 Armour
 + Level 1.5 Dodging
 + Level 1.4 Stealth
 + Level 3.8 Evocations


You had 3 spell levels left.
You didn't know any spells.
Your spell library was empty.

Dungeon Overview and Level Annotations

Branches:
Dungeon (2/15)

Altars:
Yredelemnul


Message History

The adder is severely wounded.
The adder bites you.
* * * LOW HITPOINT WARNING * * *
You miss the adder.
The adder is severely wounded.
The adder bites you.
* * * LOW HITPOINT WARNING * * *
The adder bites you but does no damage.
You hit the adder.
You kill the adder!
You feel sick.
The kobold throws a stone.
The stone barely misses you. The kobold closely misses you.
Things that are here:
a +0 club; an adder corpse You hit the kobold but do no damage.
The kobold hits you.
* * * LOW HITPOINT WARNING * * *
You completely miss the kobold. The kobold hits you but does no damage.
* * * LOW HITPOINT WARNING * * *
You feel sick.
The kobold throws a stone.
The stone hits you.
You die...

#.##.#
#.###.#.#<..#
#..#.# #.##.Kg.#
#.# ##.#.#
#.##....# # #)#.#
#.##.g..#
#(#.###(##g...###.
#..(#..g..........
##..#.#K#.########
#..# #)#... #..#
#@#.### ##.# #.#..
#.# #.### #.###.#
#.....# #######


You could see a goblin and a kobold.

Vanquished Creatures
  An adder (D:2)
  3 dart slugs
  A worm (D:2)
  11 bats
  3 giant cockroaches (D:1)
  8 goblins
  7 hobgoblins
  4 jackals (D:1)
  A ball python (D:2)
  4 frilled lizards
  5 kobolds
  7 rats
55 creatures vanquished.

Notes
Turn   | Place    | Note
-------+----------+-------------------------------------------
     0 | D:1      | H0rd4k the Human Artificer began the quest for the Orb.
     0 | D:1      | Reached XP level 1. HP: 15/15 MP: 1/1
   185 | D:1      | Reached XP level 2. HP: 12/21 MP: 2/2
   845 | D:1      | Reached XP level 3. HP: 26/26 MP: 3/3
  2156 | D:2      | Reached XP level 4. HP: 15/32 MP: 4/4
  2485 | D:2      | Reached skill level 1 in Short Blades
  2796 | D:2      | Found a basalt altar of Yredelemnul.
  3011 | D:2      | HP: 1/32 [poisoned by an adder]
  3011 | D:2      | Hit by a stone thrown by a kobold

Illustrated notes

Levels and vault maps discovered:
D:1:      eino_arrival_cavern_a, layout_loops_ring, serial_aquarium,
          aquarium_bridge_square [aquarium_subvault_wall,
          aquarium_subvault_bridge, aquarium_subvault_bridge,
          aquarium_subvault_window], aquarium_window_1, aquarium_window_double,
          aquarium_view_2c, aquarium_view_2a, aquarium_balcony_3a,
          aquarium_pool_four
D:2:      layout_basic, marbit_many_paths, st_stairs_1, minmay_misc_feat_chi,
          minmay_bisected

Skill      XL: |  1  2  3  4 |
---------------+-------------+-----
Short Blades   | 1 |  1.2
Fighting       | |  1.6
Armour         | |  2.5
Dodging        | |  1.5
Stealth        | |  1.4
Evocations     | |  3.8

Action                   |  1- 3 |  4- 6 || total
-------------------------+-------+-------++-------
Melee: Club              |    69 |       ||    69
       Short sword       |   107 |    73 ||   180
Evoke: Wand              |     1 |       ||     1
 Stab: Sleeping          |     1 |       ||     1
       Distracted        |     1 |       ||     1
Armor: Leather armour    |    67 |    29 ||    96
Dodge: Dodged            |   144 |    62 ||   206
